 Dungeon Crawl Stone Soup version 0.22-a0-776-ge6d7efa (webtiles) character file.

89 Hebeh the Firebug (level 4, -2/24 HPs)
             Began as a Deep Elf Fire Elementalist on July 18, 2018.
             Slain by Sigmund
             ... wielding a cursed -3 scythe
              (12 damage)
             ... on level 2 of the Dungeon.
             The game lasted 00:05:12 (1750 turns).

Hebeh the Firebug (Deep Elf Fire Elementalist)      Turns: 1750, Time: 00:05:13

Health: -2/24      AC:  2    Str:  5    XL:     4   Next: 31%
Magic:  12/12      EV: 13    Int: 21    God:
Gold:   70         SH:  0    Dex: 15    Spells: 5/11 levels left

rFire    . . .     SeeInvis .   a - +0 short sword
rCold    . . .     Gourm    .   (no shield)
rNeg     . . .     Faith    .   b - +0 robe
rPois    .         Spirit   .   (no helmet)
rElec    .         Reflect  .   (no cloak)
rCorr    .         Harm     .   (no gloves)
MR       .....                  (no boots)
Stlth    +.........             (no amulet)
HPRegen  0.08/turn              (no ring)
MPRegen  0.13/turn              (no ring)

@: confused
A: no striking features
a: no special abilities


You were on level 2 of the Dungeon.
You were not hungry.

You visited 1 branch of the dungeon, and saw 2 of its levels.

You collected 70 gold pieces.

Inventory:

Hand Weapons
 a - a +0 short sword (weapon)
Missiles
 h - 2 stones (quivered)
 m - 7 arrows
Armour
 b - a +0 robe (worn)
Jewellery
 d - an uncursed amulet of harm {unknown}
 g - an uncursed ring of flight {unknown}
Scrolls
 e - a scroll of amnesia {unknown}
 f - 2 scrolls of teleportation {unknown}
 l - 2 scrolls of identify {unknown}
 o - a scroll of remove curse {unknown}
Potions
 i - a potion of haste {unknown}
 j - a potion of agility {unknown}
 k - a potion of flight {unknown}
 n - a potion of cancellation {unknown}
 p - a potion of ambrosia {unknown}
Comestibles
 c - a ration
 q - 2 chunks of flesh


   Skills:
 - Level 2.4 Dodging
 - Level 2.4 Stealth
 + Level 4.0 Spellcasting
 * Level 3.3 Conjurations
 + Level 4.0 Fire Magic


You had 5 spell levels left.
You knew the following spells:

 Your Spells              Type           Power        Failure   Level  Hunger
a - Flame Tongue          Conj/Fire      ###..        2%          1    None
b - Throw Flame           Conj/Fire      ###...       4%          2    #......
c - Conjure Flame         Conj/Fire      ###.....     8%          3    ###....

Your spell library contained the following spells:

 Spells                   Type           Power        Failure   Level  Hunger
 Fireball                 Conj/Fire      ###.......   58%         5    ######.
 Sticky Flame             Conj/Fire      ###.....     26%         4    ####...
 Inner Flame              Hex/Fire       ##......     16%         3    ###....


Dungeon Overview and Level Annotations

Branches:
Dungeon (2/15)

Altars:

Annotations:
D:2 Sigmund


Message History

Casting: Flame Tongue (safe; 2% risk of failure)
Confirm with . or Enter, or press ? or * to list all spells.
You can't see any susceptible monsters within range! (Use Z to cast anyway.)
Casting: Flame Tongue (safe; 2% risk of failure)
Confirm with . or Enter, or press ? or * to list all spells.
You can't see any susceptible monsters within range! (Use Z to cast anyway.)
Casting: Flame Tongue (safe; 2% risk of failure)
Confirm with . or Enter, or press ? or * to list all spells.
You can't see any susceptible monsters within range! (Use Z to cast anyway.)
There is an open door here.
You are confused.
Something hits you.
You feel less confused.
You hear some strange, mumbled words.
You are confused.
Something hits you.
You bump into the rock wall.
Something hits you. Something hits you!
Ouch! That really hurt!
You die...

..#.......#
########.#......K# . ..
+........'........ #. ..
#........#.......#
##.###.
#........#.......#
#..r...
#........######.##
....... #.........# #.#
....... #.......#.# #.#
.......##@..<...#.#####.#
........{.......#.....))#
#.....###.......#.......#
#............#.##.......#
##+#.......).#.##.......#
#.........#.##.......#
#...........##.......#
#.........####.......#
########..# ####.##.#


There were no monsters in sight!

Vanquished Creatures
  Terence (D:2)
  2 adders (D:2)
  An ooze (D:1)
  A dart slug (D:1)
  A leopard gecko (D:1)
  4 bats
  2 giant cockroaches
  6 goblins
  5 hobgoblins
  3 jackals (D:1)
  6 kobolds
  A ball python (D:1)
  A frilled lizard (D:1)
  5 rats
39 creatures vanquished.

Notes
Turn   | Place    | Note
-------+----------+-------------------------------------------
     0 | D:1      | Hebeh the Deep Elf Fire Elementalist began the quest for the Orb.
     0 | D:1      | Reached XP level 1. HP: 10/10 MP: 6/6
    98 | D:1      | Reached XP level 2. HP: 15/15 MP: 6/8
   798 | D:1      | Reached XP level 3. HP: 19/19 MP: 6/10
   833 | D:1      | Learned a level 2 spell: Throw Flame
   837 | D:1      | Learned a level 3 spell: Conjure Flame
  1554 | D:2      | Noticed Terence
  1564 | D:2      | Killed Terence
  1564 | D:2      | Reached XP level 4. HP: 24/24 MP: 3/11
  1735 | D:2      | Noticed Sigmund
  1750 | D:2      | Slain by Sigmund

Vault maps used:
D:1:      eino_arrival_cavern_a
D:2:      cheibrodos_helix_gallery, lemuel_crystal_altar,
          minmay_split_cup_small, uniq_terence, uniq_sigmund

Skill      XL: |  1  2  3  4 |
---------------+-------------+-----
Conjurations   | 2 3 |  3.3
Spellcasting   | 4 |  4.0
Fire Magic     | 4 |  4.0
Dodging        | |  2.4
Stealth        | |  2.4

Action                   |  1- 3 |  4- 6 || total
-------------------------+-------+-------++-------
Melee: Unarmed           |    12 |       ||    12
Throw: Stone             |     2 |       ||     2
 Cast: Flame Tongue      |    59 |     4 ||    63
       Throw Flame       |     9 |     4 ||    13
  Eat: Chunk             |     2 |     1 ||     3
Armor: Robe              |     6 |       ||     6
Dodge: Dodged            |    28 |     1 ||    29

Table legend:
 A = Spawn XP
 B = Non-spawn XP
 C = Spawn XP percentage of total XP
 D = Spawn monster count
 E = Non-spawn monster count
 F = Spawn count percentage of total count
 G = Total turns spent on level
                    A         B        C        D         E        F      G
               +---------+---------+-------+---------+---------+-------+---------
         Total |       0 |     128 |   0.0 |       0 |      39 |   0.0 |  1750
               +---------+---------+-------+---------+---------+-------+---------
           D:1 |       0 |      48 |   0.0 |       0 |      25 |   0.0 |  1241
           D:2 |       0 |      80 |   0.0 |       0 |      14 |   0.0 |   509
               +---------+---------+-------+---------+---------+-------+---------
